 Dungeon Crawl Stone Soup version 0.21.0-3-g78d12a8 (webtiles) character file.

847329 Miyamura the Sorcerer (level 27, -8/249 HPs)
             Began as a Formicid Wanderer on Jan 7, 2018.
             Was a High Priest of Cheibriados.
             Killed by dispel undead
             ... invoked by a Tzitzimitl
              (38 damage)
             ... in Pandemonium on Jan 8, 2018.
             The game lasted 04:15:55 (75268 turns).

Miyamura the Sorcerer (Formicid Wanderer)          Turns: 75268, Time: 04:15:56

Health: -8/249     AC: 32    Str: 32    XL:     27
Magic:  5/63       EV: 33    Int: 43    God:    Cheibriados [*****.]
Gold:   3048       SH: 21    Dex: 25    Spells: 11/70 levels left

rFire    + + .     SeeInvis +   J - +8 glaive of the Guard {elec, +Rage AC+5 SInv}
rCold    + + .     Gourm    .   y - +4 shield {rF+}
rNeg     + + +     Faith    .   b - +4 troll leather armour
rPois    ∞         Spirit   .   (helmet unavailable)
rElec    +         Reflect  .   K - scarf {rC+ rF+}
rCorr    .         Harm     .   a - +1 pair of gloves of Calculation {rN+ Int+4}
MR       +++..                  Y - +0 pair of boots {Fly}
Stlth    +++.......             I - macabre finger necklace {rN+}
HPRegen  0.00/turn              t - ring of Aziytofo {rElec MP+9}
MPRegen  0.38/turn              E - ring of Robustness {AC+8}
                                M - ring of wizardry

@: brilliant, lich-form, flying, deflect missiles, very slow
A: permanent stasis, dig shafts and tunnels, four strong arms, antennae 3,
repulsion field 1, clever 1, deterioration 1, high mp 1, robust 1, inhibited
regeneration, weak 1, evolution 1, MP-powered wands
}: 6/15 runes: decaying, slimy, silver, iron, icy, gossamer
a: Dig, Shaft Self, End Transformation, Bend Time, Temporal Distortion, Slouch,
Step From Time, Renounce Religion, Stop Flying


You were in Pandemonium.
You worshipped Cheibriados.
Cheibriados was extremely pleased with you.
You were not hungry.
You were a lich.
You visited 14 branches of the dungeon, and saw 68 of its levels.
You visited Pandemonium 1 time, and saw 3 of its levels.
You also visited: Labyrinth and Trove.

You collected 8497 gold pieces.
You spent 5449 gold pieces at shops.

Inventory:

Hand Weapons
 c - the +6 Majin-Bo {vamp, Archmagi MP+6 Int+6}
   (You found it on level 7 of Cocytus)

   It inflicts no extra harm, but heals its wielder when it wounds a living foe.
   It affects your intelligence (+6).
   It affects your magic capacity (+6).
 w - a +9 war axe of flaming
 J - the +8 glaive of the Guard (weapon) {elec, +Rage AC+5 SInv}
   (You found it on level 4 of the Lair of Beasts)

   Occasionally, upon striking a foe, it will discharge some electrical energy
   and cause terrible harm.
   It affects your AC (+5).
   It lets you see invisible.
   It lets you go berserk.
 V - the +10 zealot's sword {holy, *Rage rN+ EV+3}
   (You took it off a spriggan defender on level 1 of the Depths)

   It has been blessed by the Shining One to cause great damage to the undead
   and demons.
   It affects your evasion (+3).
   It protects you from negative energy.
   It may make you go berserk in combat.
Armour
 a - the +1 pair of gloves of Calculation (worn) {rN+ Int+4}
   (You found it on level 3 of the Elven Halls)

   It affects your intelligence (+4).
   It protects you from negative energy.
 b - a +4 troll leather armour (worn)
 y - a +4 shield of fire resistance (worn)
 G - a scarf of cloud immunity
 K - a scarf of resistance (worn)
 O - a +1 large shield of reflection
 Q - the +0 pair of boots "Tipsixto" {rPois rF+ rN+ Str+5}
   (You found it in a labyrinth)

   It affects your strength (+5).
   It protects you from fire.
   It protects you from poison.
   It protects you from negative energy.
 Y - a +0 pair of boots of flying (worn)
Magical Staves
 o - an uncursed staff of wizardry
 x - an uncursed staff of air
Jewellery
 e - an uncursed ring of protection from fire
 q - the amulet "Fidas" {+Rage rF- Str+9 Int-5 Slay+4, unknown}
   (You took it off Antaeus on level 7 of Cocytus)

   [amulet of rage]

   It affects your strength (+9).
   It affects your intelligence (-5).
   It affects your accuracy and damage with ranged weapons and melee attacks
   (+4).
   It makes you vulnerable to fire.
   It lets you go berserk.
 t - the ring of Aziytofo (left hand) {rElec MP+9}
   (You found it on level 3 of the Elven Halls)

   [ring of magical power]

   It insulates you from electricity.
   It affects your magic capacity (+9).
 B - an uncursed ring of protection from magic
 E - the ring of Robustness (right hand) {AC+8}
   (You found it on level 5 of the Depths)

   [ring of protection]

   It affects your AC (+8).
 H - a +5 ring of slaying
 I - the macabre finger necklace (around neck) {rN+}
   (You bought it in a shop on level 4 of the Depths)

   [amulet of nothing]

   It protects you from negative energy.
 M - a ring of wizardry (on amulet)
 S - an uncursed ring of resist corrosion
 Z - the ring of the Lost Orbs {rC+++ rN+}
   (You found it on level 7 of Cocytus)

   [ring of positive energy]

   It renders you almost immune to cold.
   It protects you from negative energy.
Wands
 d - a wand of acid (7)
 i - a wand of paralysis (48)
 p - a wand of disintegration (25)
 u - a wand of iceblast (37)
 C - a wand of polymorph (27)
 L - a wand of scattershot (17)
 P - a wand of digging (54)
Scrolls
 h - 9 scrolls of magic mapping
 n - 6 scrolls of fog
 s - 11 scrolls of amnesia
 v - 15 scrolls of remove curse
 z - 2 scrolls of summoning
 F - a scroll of holy word
 N - 4 scrolls of immolation
 U - 7 scrolls of fear
Potions
 g - 7 potions of brilliance
 j - 4 potions of ambrosia
 k - 16 potions of curing
 l - 4 potions of magic
 m - 7 potions of flight
 D - 8 potions of lignification
 R - 4 potions of heal wounds
 T - 5 potions of mutation
 X - 4 potions of cancellation
Miscellaneous
 W - a phantom mirror
Comestibles
 f - 65 rations


   Skills:
 - Level 20.8 Fighting
 - Level 19.5 Long Blades
 - Level 10.8(16.2) Axes
 - Level 19.4(20.4) Polearms
 - Level 5.4(14.0) Staves
 - Level 8.8 Armour
 - Level 18.3 Dodging
 - Level 2.4 Stealth
 - Level 17.3 Shields
 + Level 22.1 Spellcasting
 - Level 13.0 Charms
 - Level 16.1 Necromancy
 - Level 17.4 Transmutations
   Level 4.0 Ice Magic
 * Level 11.8 Air Magic
 - Level 12.0 Earth Magic
 - Level 12.0 Invocations
 - Level 11.2 Evocations


You had 11 spell levels left.
You knew the following spells:

 Your Spells              Type           Power        Failure   Level  Hunger
b - Borgnjor's Vile Clut  Necr/Erth      ########..   1%          5    N/A
n - Necromutation         Tmut/Necr      ########..   1%          8    N/A
o - Death's Door          Chrm/Necr      ########..   1%          8    N/A
r - Regeneration          Chrm/Necr      ########..   0%          3    N/A
s - Statue Form           Tmut/Erth      ########.    1%          6    N/A
t - Tornado               Air            ########..   24%         9    N/A
u - Shadow Creatures      Summ           N/A          8%          6    N/A
B - Borgnjor's Revivific  Necr           ########..   1%          8    N/A
D - Deflect Missiles      Chrm/Air       ########..   1%          6    N/A

Dungeon Overview and Level Annotations

Branches:
Dungeon (15/15)            Temple (1/1) D:7            Lair (6/6) D:8
  Swamp (4/4) Lair:3       Spider (4/4) Lair:2        Slime (5/5) Lair:6
    Orc (2/2) D:12            Elf (3/3) Orc:2        Vaults (5/5) D:13
  Crypt (0/3) Vaults:3     Depths (5/5) D:15           Hell (1/1)
    Dis (7/7) Hell            Geh (0/7) Hell            Coc (7/7) Hell
    Tar (0/7) Hell            Zot (4/5) Depths:5

Altars:
Ashenzari
Cheibriados
Dithmenos
Elyvilon
Fedhas
Gozag
Hepliaklqana
Kikubaaqudgha
Makhleb
Nemelex Xobeh
Okawaru
Qazlal
Ru
Sif Muna
Trog
Uskayaw
Vehumet
Wu Jian
Xom
Yredelemnul
Zin
The Shining One
Beogh
Jiyva

Shops:
D:7 [}::   D:10 (**:   D:11 }=(   Orc:2 [%(:   Elf:3 ?   Vaults:2 ?
Vaults:5 !*}}   Depths:1 ?   Depths:4 [==}

Portals:
Hell: Depths:1 Depths:2 Depths:3 Depths:4 Depths:5
Abyss: Depths:1 Depths:4
Pandemonium: Depths:2 Depths:3 Depths:5
Ziggurat: Depths:5

Annotations:
Depths:2 exclusion: obsidian statue
Pan 1 runed door


Innate Abilities, Weirdness & Mutations

You cannot be hasted, slowed, berserked, paralysed or teleported.
You can dig through walls and to a lower floor.
Your four strong arms can wield two-handed weapons with a shield.
You have a pair of large antennae on your head. (SInv)
You are surrounded by a mild repulsion field. (EV +2)
Your mind is acute. (Int +2)
Your body sometimes deteriorates upon taking damage.
You have an increased reservoir of magic. (+10% MP)
You are robust. (+10% HP)
You do not regenerate when monsters are visible.
You are weak. (Str -2)
You evolve.
You expend magic power (3 MP) to strengthen your wands.


Message History

Aim: a Tzitzimitl (almost dead)
You barely miss the Tzitzimitl.
The Tzitzimitl is almost dead.
The Tzitzimitl gestures at you.
You convulse!
* * * LOW HITPOINT WARNING * * *
Attack whom?
Press: ? - help, Dir - move target cursor, f/p - Tzitzimitl
Aim: a Tzitzimitl (severely wounded)
You slash the Tzitzimitl!
The Tzitzimitl is almost dead.
Attack whom?
Press: ? - help, Dir - move target cursor, f/p - Tzitzimitl
Aim: a Tzitzimitl (almost dead)
You miss the Tzitzimitl.
The Tzitzimitl is almost dead.
You block the lorocyproca's attack. The Tzitzimitl gestures at you.
You convulse!
You die...

.............#{ #..#
###########..#{#.. {
{#..# ##.# #.# {#..#
#.# .'. {#..#
#.###.####+#..####
#................#
###......#.......## #
########21......###...#
# #....1...L......#
#...## #
#.#######.......#
#....## # #.# #.......#
##....# # #.# ##......#
#...)## # #.# #......#
#...## # #.#
#......###...# ## #.#
##...........## .#
##.## ##............#
.# #...##
##...###.#######


You could see 2 Tzitzimimeh and a lorocyproca (invisible).

Vanquished Creatures
  Antaeus (Coc:7)
  the Royal Jelly (Slime:5)
  Dispater (Dis:7)
  An orb of fire (Zot:3)
  Mara (Swamp:3)
  A juggernaut (Depths:4)
  3 pandemonium lords (Pan)
  An ancient lich (Vaults:5)
  7 shard shrikes
  Frederick (Vaults:5)
  2 curse toes
  Geryon (Hell)
  5 caustic shrikes (Depths:5)
  7 golden dragons
  Nikola (Spider:3)
  10 bone dragons
  the Enchantress (Depths:1)
  6 Tzitzimimeh (Pan)
  7 Brimstone Fiends
  3 electric golems
  Rupert (D:12)
  4 iron giants
  10 tentacled monstrosities
  9 Hell Sentinels
  13 Ice Fiends
  A hellephant (Pan)
  7 quicksilver dragons
  5 liches
  28 acid blobs
  3 deep elf blademasters
  Asterion (Spider:4)
  2 deep elf master archers (Elf:3)
  4 titans
  12 ancient champions
  4 Executioners (Dis:7)
  3 sphinxes
  Murray (Hell)
  3 eldritch tentacles
  3 death cobs
  2 thorn hunters (Swamp:4)
  9 storm dragons
  7 tengu reavers
  6 draconian monks
  17 shadow dragons
  9 fire giants
  15 azure jellies
  4 balrugs (Dis:7)
  4 ghost moths
  8 iron dragons
  3 draconian knights
  Aizul (Spider:3)
  15 vault wardens
  3 draconian scorchers
  6 deep elf sorcerers
  Louise (Elf:3)
  9 frost giants
  3 deep elf elementalists (Elf:3)
  4 warmongers (Pan)
  3 black suns (Pan)
  An emperor scorpion (shapeshifter) (Depths:2)
  7 draconian shifters
  3 cacodemons
  17 very ugly things
  4 ghouls
  9 draconian annihilators
  4 spriggan defenders
  11 ironheart preservers
  6 emperor scorpions
  28 reapers
  2 elemental wellsprings (Coc:7)
  13 stone giants
  2 draconian stormcallers (Zot:3)
  9 green draconians
  19 war gargoyles
  4 blood saints (Pan)
  11 deep elf demonologists
  4 entropy weavers
  An entropy weaver (shapeshifter) (Depths:2)
  5 corrupters (Pan)
  18 black draconians
  6 vampire knights
  10 deep elf annihilators
  6 dire elephants (Lair:6)
  11 lorocyprocas
  6 spark wasps
  6 red draconians
  The ghost of Dirian the Carver, a journeyman MiFi of Zin (D:13)
  10 white draconians
  6 purple draconians
  14 blizzard demons
  The ghost of ThereIsNoGod the Cleaver, a journeyman MiFi of Okawaru (D:12)
  8 yellow draconians
  8 deep elf death magi
  A minotaur (Lab)
  11 ettins
  14 crystal guardians (Depths:2)
  6 green deaths
  4 quicksilver dragon zombies
  A minotaur (shapeshifter) (Vaults:5)
  8 death oozes
  7 fire dragons
  11 great orbs of eyes
  2 merfolk impalers
  4 deep elf high priests
  16 yaktaur captains
  24 ice dragons
  A hell beast (Dis:7)
  3 ghost crabs
  7 rakshasas
  34 vault guards
  6 monstrous demonspawn (Pan)
  26 hydras
  2 spriggan air magi
  An anaconda (Lair:6)
  An alligator (shapeshifter) (Vaults:5)
  3 death knights
  An anaconda (shapeshifter) (Depths:4)
  11 centaur warriors
  48 two-headed ogres
  37 dancing weapons
  4 tengu warriors
  A death yak (shapeshifter) (Depths:2)
  4 deep troll shamans
  A queen ant (Spider:1)
  8 alligators
  14 ogre magi
  7 orc high priests
  4 deep troll earth magi
  A vampire mage (Depths:3)
  A spriggan berserker (Depths:3)
  6 titan zombies
  4 iron golems (Hell)
  3 shock serpents (Zot:2)
  10 soul eaters
  6 hell hogs
  Sonja (Lair:1)
  A titan skeleton (Vaults:3)
  23 hell knights
  2 storm dragon zombies
  A fire crab (shapeshifter) (Vaults:4)
  25 deep elf knights
  6 sun demons
  11 iron trolls
  3 sixfirhies
  3 golden dragon zombies
  63 skeletal warriors
  A death drake (shapeshifter) (Depths:1)
  A sea snake (shapeshifter) (Depths:2)
  4 spriggan druids
  5 gelid demonspawn (Pan)
  A fire crab (Lair:6)
  2 storm dragon skeletons
  10 glowing orange brains
  2 shadow wraiths
  15 deep trolls
  A quicksilver dragon simulacrum (Coc:7)
  A flayed ghost (Vaults:4)
  8 unseen horrors
  12 anaconda zombies
  8 shadow demons (Pan)
  2 ghost moth zombies
  5 torturous demonspawn (Pan)
  A glowing orange brain (shapeshifter) (Depths:3)
  11 phantasmal warriors
  2 obsidian statues (Depths:2)
  3 shambling mangroves
  8 swamp dragons
  14 deep elf archers
  A harpy (shapeshifter) (Depths:2)
  8 harpies
  6 necromancers
  3 anaconda skeletons
  A lindwurm (Orc:1)
  3 shadow dragon zombies
  2 golden dragon skeletons
  7 wizards
  Pikel (D:6)
  2 iron dragon zombies
  3 wolf spider zombies
  58 deep elf magi
  5 stone giant zombies
  23 orc knights
  A tengu skeleton (Vaults:3)
  13 ironbrand convokers
  A cyclops (shapeshifter) (Depths:2)
  4 salamanders (Depths:4)
  5 cyclopes
  17 orb spiders
  81 ugly things
  5 frost giant zombies
  5 shining eyes
  2 orc sorcerers
  A manticore (D:15)
  4 fire giant zombies
  21 moths of wrath
  2 wolf spiders (shapeshifter)
  125 slime creatures
  A shadow dragon skeleton (Vaults:3)
  32 wolf spiders
  An elephant (shapeshifter) (Depths:2)
  A salamander (shapeshifter) (Vaults:4)
  2 fire giant skeletons
  2 stone giant skeletons
  14 elephants (Lair:6)
  2 dire elephant zombies
  5 molten gargoyles
  2 centaur zombies
  14 smoke demons (Pan)
  16 vault sentinels
  An eye of devastation (Slime:1)
  2 black mambas
  3 frost giant skeletons
  3 ice statues
  39 rust devils
  Psyche (D:8)
  5 gargoyles
  Joseph (D:7)
  A torpor snail (Spider:1)
  11 hellions
  An orange demon (Pan)
  19 spiny frogs
  A catoblepas zombie (Dis:7)
  A dire elephant skeleton (Coc:1)
  8 komodo dragons
  21 freezing wraiths
  A yaktaur (shapeshifter) (Vaults:4)
  2 emperor scorpion zombies
  A kobold demonologist (D:8)
  7 rime drakes
  2 storm dragon simulacra (Coc:7)
  68 yaktaurs
  An efreet (Dis:3)
  2 komodo dragons (shapeshifter) (D:15)
  22 ice devils
  21 tormentors
  7 hellwings (Pan)
  An anaconda simulacrum (Coc:7)
  9 demonic crawlers
  4 hydra zombies
  A minotaur zombie (Dis:5)
  5 red devils
  A yaktaur skeleton (Vaults:3)
  35 jumping spiders
  2 harpy zombies
  3 tengu conjurers
  5 tyrant leeches
  5 trolls
  A hornet (shapeshifter) (Depths:1)
  A wind drake (shapeshifter) (D:15)
  A merfolk (shapeshifter) (Vaults:5)
  2 wind drakes (Depths:2)
  2 meliai (shapeshifter)
  28 hornets
  A polar bear (Vaults:1)
  7 hydra skeletons
  2 snapping turtles (shapeshifter) (Depths:2)
  2 raiju (Zot:2)
  9 blink frogs
  16 bog bodies
  A meliai zombie (D:11)
  2 ettin zombies
  5 fire dragon zombies
  11 hippogriffs
  An iron dragon simulacrum (Coc:1)
  6 alligator zombies
  2 hippogriffs (shapeshifter) (Vaults:5)
  3 ettin skeletons
  An ice dragon zombie (Coc:1)
  14 shadows
  27 tarantellas
  56 redbacks
  25 flying skulls
  A tarantella (shapeshifter) (Vaults:4)
  A centaur simulacrum (D:14)
  A redback (shapeshifter) (Depths:2)
  22 spriggans
  3 vampires
  10 wraiths
  17 water elementals
  15 air elementals
  A wyvern (D:14)
  5 ynoxinuls (Pan)
  An alligator skeleton (Coc:7)
  19 humans (D:13)
  2 ice dragon skeletons (Coc:7)
  13 small abominations
  A steam dragon (D:10)
  4 basilisks
  42 yaks
  A hog (shapeshifter) (Vaults:5)
  A golden eye (shapeshifter) (Elf:3)
  5 golden eyes (Slime:4)
  5 hungry ghosts
  11 fire elementals
  A spatial vortex (Dis:3)
  2 human simulacra (Vaults:2)
  A yaktaur simulacrum (Vaults:3)
  21 swamp worms
  A neqoxec (Pan)
  3 wargs
  15 vampire mosquitoes
  7 chaos spawn
  20 insubstantial wisps
  2 acid dragons
  Duvessa (D:7)
  25 soldier ants
  8 water moccasins
  A water moccasin (shapeshifter) (Depths:5)
  21 large abominations
  27 hell hounds
  7 spiny frog zombies
  6 hydra simulacra (Depths:4)
  5 sky beasts
  11 porcupines
  11 swamp drakes
  12 ice beasts
  An ettin simulacrum (Coc:1)
  3 eyes of draining
  An eye of draining (shapeshifter) (Vaults:3)
  32 ogres
  56 orc warriors
  3 slaves (D:6)
  An ice beast (shapeshifter) (Vaults:4)
  4 snapping turtle zombies
  A black bear (Lair:3)
  A black bear (shapeshifter) (Vaults:2)
  4 swamp dragon zombies
  A spiny frog skeleton (Hell)
  2 manticore zombies
  10 necrophages
  6 boggarts
  2 human zombies (Vaults:1)
  7 wolves
  11 centaurs
  5 phantoms
  An elf skeleton (Vaults:3)
  A snapping turtle skeleton (Coc:7)
  4 big kobolds
  15 crocodiles
  17 human skeletons
  A swamp dragon skeleton (Coc:7)
  10 bullfrogs
  7 earth elementals
  A gnoll sergeant (D:13)
  Dowan (D:7)
  2 scorpions
  10 killer bees
  A spriggan zombie (Dis:1)
  2 howler monkeys
  16 wights
  2 electric eels
  10 crimson imps
  A bullfrog zombie (D:11)
  4 hounds
  34 iron imps
  5 jellies
  13 orc wizards
  44 orc priests
  5 centaur skeletons
  4 bullfrog skeletons
  6 iguanas
  5 lightning spires (Zot:2)
  29 worker ants
  A tengu zombie (Dis:7)
  A hound skeleton (D:4)
  8 mummies
  A howler monkey zombie (D:11)
  6 gnolls
  A howler monkey skeleton (D:10)
  12 adders
  3 shadow imps
  18 white imps
  An ooze (D:3)
  2 adder zombies (D:5)
  2 adder skeletons
  2 worms
  A worm (shapeshifter) (Depths:2)
  A ball lightning (Depths:2)
  A dart slug (D:5)
  4 leopard geckos
  122 orcs
  2 ball pythons
  6 bats
  4 giant cockroaches
  6 hobgoblins
  11 jackals
  43 kobolds
  3 quokkas
  8 frilled lizards
  3 goblins
  A jackal skeleton (D:8)
  4 rats
  2 briar patches (Swamp:4)
  2 fungi
  20 plants
3339 creatures vanquished.

Vanquished Creatures (others)
  A shard shrike (Coc:7)
  An electric golem (Zot:2)
  2 eldritch tentacles
  A storm dragon (Zot:2)
  A draconian monk (Zot:3)
  An elemental wellspring (Coc:7)
  A very ugly thing (Depths:3)
  A spark wasp (Zot:2)
  A red draconian (Zot:2)
  A deep elf annihilator (Elf:3)
  An ice dragon (D:15)
  A hydra (Swamp:4)
  A small abomination (Elf:3)
  A hell hog (Dis:7)
  A shock serpent (Zot:2)
  A deep elf knight (Elf:1)
  A wizard (Vaults:2)
  A deep elf mage (Elf:2)
  A moth of wrath (Zot:2)
  A slime creature (Slime:5)
  A raiju (Zot:2)
  3 water elementals
  A large abomination (Pan)
  An orc warrior (Vaults:2)
  An alligator simulacrum (Hell)
  13 ball lightnings
  2 orcs
  5 fungi
  13 plants
  9 withered plants (Swamp:1)
70 creatures vanquished.

Grand Total: 3409 creatures vanquished

Notes
Turn   | Place    | Note
-------+----------+-------------------------------------------
     0 | D:1      | Miyamura the Formicid Wanderer began the quest for the Orb.
     0 | D:1      | Miyamura set off with: a +2 quarterstaff, the Guide on Bewitchment, a wand of random effects (15), a +0 robe, a +0 dagger, a ration
     0 | D:1      | Reached XP level 1. HP: 13/13 MP: 2/2
     0 | D:1      | Identified the Guide on Bewitchment
   165 | D:1      | Reached XP level 2. HP: 20/20 MP: 3/3
   251 | D:1      | Reached skill level 1 in Armour
   653 | D:1      | Reached skill level 1 in Fighting
   664 | D:1      | Reached XP level 3. HP: 25/26 MP: 4/4
  1245 | D:2      | Reached skill level 1 in Dodging
  1722 | D:2      | Reached XP level 4. HP: 32/32 MP: 5/5
  2439 | D:3      | Reached XP level 5. HP: 24/38 MP: 6/6
  3102 | D:4      | Noticed a phantom
  3414 | D:4      | Reached XP level 6. HP: 38/46 MP: 7/7
  3957 | D:5      | Entered Level 5 of the Dungeon
  4037 | D:5      | Noticed an ogre
  4045 | D:5      | Killed an ogre
  4045 | D:5      | Reached XP level 7. HP: 52/52 MP: 8/8
  4153 | D:5      | Found a glowing silver altar of Zin.
  4788 | D:6      | Reached XP level 8. HP: 40/60 MP: 9/9
  5152 | D:6      | Reached skill level 5 in Staves
  5173 | D:6      | Reached skill level 5 in Armour
  5248 | D:6      | Reached skill level 5 in Fighting
  5716 | D:6      | Reached skill level 1 in Axes
  5717 | D:6      | Reached XP level 9. HP: 60/68 MP: 10/10
  6374 | D:7      | Noticed Pikel
  6425 | D:6      | Killed Pikel
  6618 | D:7      | Noticed Dowan
  6636 | D:7      | Killed Dowan
  6676 | D:7      | Noticed Duvessa
  6691 | D:7      | Killed Duvessa
  6865 | D:7      | Found Xiwuot's Book Boutique.
  6955 | D:7      | Found a staircase to the Ecumenical Temple.
  6971 | Temple   | Entered the Ecumenical Temple
  7138 | Temple   | Became a worshipper of Cheibriados the Contemplative
  7332 | D:7      | Noticed Joseph
  7346 | D:7      | Killed Joseph
  7480 | D:7      | Reached XP level 10. HP: 73/74 MP: 11/11
  7497 | D:7      | Found Penweaq's Gadget Emporium.
  7501 | D:7      | Bought a wand of disintegration (10) for 210 gold pieces
  7501 | D:7      | Bought a wand of acid (5) for 270 gold pieces
  7514 | D:7      | Found a hide-covered altar of Uskayaw.
  7514 | D:7      | Found a bloodstained altar of Trog.
  7558 | D:7      | Found Gychotzi's Book Emporium.
  7576 | D:7      | Found Fyecsudd's Antique Armour Boutique.
  7863 | D:8      | Noticed Psyche
  8079 | D:7      | Bought a buckler for 67 gold pieces
  8140 | D:8      | Killed Psyche
  8140 | D:8      | Reached skill level 1 in Shields
  8140 | D:8      | Reached skill level 1 in Invocations
  8226 | D:8      | Found a staircase to the Lair.
  8406 | D:8      | Found a burning altar of Makhleb.
  8547 | D:8      | Found an ornate altar of the Wu Jian Council.
  8927 | D:9      | Reached * piety under Cheibriados
  9015 | D:9      | Noticed a kobold demonologist
  9016 | D:9      | Noticed an ice devil
  9016 | D:9      | Identified a scroll of acquirement
  9017 | D:9      | Noticed a soul eater
  9018 | D:9      | Noticed an ice devil
  9227 | D:8      | Killed a kobold demonologist
  9227 | D:8      | Reached skill level 5 in Dodging
  9457 | D:9      | Reached ** piety under Cheibriados
  9773 | D:9      | Found a stormy altar of Qazlal.
 10110 | D:10     | Entered Level 10 of the Dungeon
 10130 | D:10     | Found Suan's Book Emporium.
 10143 | D:10     | Noticed an unseen horror
 10166 | D:10     | Killed an unseen horror
 10240 | D:10     | Noticed an unseen horror
 10242 | D:10     | Reached XP level 11. HP: 81/81 MP: 13/13
 10264 | D:10     | Killed an unseen horror
 10324 | D:10     | Found a blossoming altar of Fedhas.
 10358 | D:10     | Found Fumim's Assorted Antiques.
 10528 | D:10     | Bought a scroll of identify for 50 gold pieces
 10532 | D:10     | Found Wack's Antique Weapon Emporium.
 10601 | D:10     | Reached *** piety under Cheibriados
 10778 | D:10     | Found Wetzahoff's General Store.
 11254 | D:10     | Noticed an unseen horror
 11261 | D:10     | Killed an unseen horror
 11352 | Lair:1   | Entered Level 1 of the Lair of Beasts
 11830 | Lair:1   | Reached skill level 5 in Shields
 12020 | Lair:1   | Reached skill level 5 in Invocations
 12166 | Lair:1   | Noticed Sonja
 12177 | Lair:1   | Reached skill level 5 in Evocations
 12185 | Lair:1   | Reached **** piety under Cheibriados
 12199 | Lair:1   | Reached skill level 10 in Axes
 12205 | Lair:1   | Reached XP level 12. HP: 42/91 MP: 15/15
 12221 | Lair:1   | Killed Sonja
 13720 | Lair:2   | Noticed Nergalle
 13722 | Lair:2   | Noticed Nergalle
 13722 | Lair:2   | Nergalle changed into Nergalle the cyclops
 13734 | Lair:2   | Killed Nergalle the cyclops
 14100 | Lair:2   | Found a hole to the Spider Nest.
 14705 | Lair:3   | Found a staircase to the Swamp.
 14947 | Lair:3   | Noticed an eight-headed hydra
 14950 | Lair:3   | Noticed a spriggan rider
 14960 | Lair:3   | Killed a one-headed hydra
 15334 | Lair:3   | Reached ***** piety under Cheibriados
 15347 | Lair:3   | Reached XP level 13. HP: 99/99 MP: 18/18
 16790 | Lair:4   | Found the +8 glaive of the Guard {elec, +Rage AC+5 SInv}
 16931 | Lair:4   | Reached skill level 1 in Polearms
 17260 | Lair:4   | Reached skill level 5 in Polearms
 17823 | Lair:5   | Noticed a six-headed hydra
 17835 | Lair:5   | Killed a one-headed hydra
 17861 | Lair:5   | Noticed an eight-headed hydra
 17868 | Lair:5   | Killed an eight-headed hydra
 18201 | Lair:5   | Got a heavily runed plate armour
 18274 | Lair:5   | Noticed a four-headed hydra
 18284 | Lair:5   | Killed a one-headed hydra
 18406 | Lair:5   | Identified the +0 plate armour of Royalty {rElec rPois MR-} (You found it on level 5 of the Lair of Beasts)
 18965 | Lair:6   | Entered Level 6 of the Lair of Beasts
 18981 | Lair:6   | Noticed an eight-headed hydra
 18989 | Lair:6   | HP: 3/99 [eight-headed hydra (7)]
 18990 | Lair:6   | Killed an eight-headed hydra
 19380 | Lair:6   | Reached XP level 14. HP: 102/106 MP: 19/19
 19479 | Lair:6   | Reached skill level 10 in Polearms
 19491 | Lair:6   | Learned a level 1 spell: Freeze
 19780 | Lair:6   | Reached XP level 15. HP: 112/112 MP: 20/20
 19886 | Lair:6   | Found a viscous altar of Jiyva.
 19891 | Lair:6   | Found a staircase to the Slime Pits.
 20231 | Lair:6   | Reached ****** piety under Cheibriados
 21352 | D:11     | Found Qacvul's Jewellery Emporium.
 21386 | D:11     | Bought a cursed ring of loudness for 58 gold pieces
 21386 | D:11     | Bought a cursed amulet of inaccuracy for 26 gold pieces
 21389 | D:11     | Found Wequ's Weapon Shoppe.
 21552 | D:11     | Reached skill level 10 in Fighting
 21634 | D:11     | Found Wetzipla's Gadget Shoppe.
 21798 | D:11     | Found a white marble altar of Elyvilon.
 22018 | D:12     | Noticed ThereIsNoGod's ghost (journeyman MiFi)
 22043 | D:12     | Killed ThereIsNoGod's ghost
 22259 | D:12     | Noticed Erolcha
 22270 | D:12     | Noticed Erolcha
 22270 | D:12     | Erolcha changed into Erolcha the yak
 22274 | D:12     | Killed Erolcha the yak
 22482 | D:12     | Found a staircase to the Orcish Mines.
 22669 | D:12     | Noticed Rupert
 22683 | D:12     | Killed Rupert
 22725 | D:12     | Found a roughly hewn altar of Beogh.
 23046 | D:13     | Found a labyrinth entrance.
 23056 | Lab      | Entered a labyrinth
 23074 | Lab      | Reached XP level 16. HP: 131/131 MP: 21/21
 23197 | Lab      | Got an uncursed jewelled shortbow {freeze}
 23198 | Lab      | Identified the +4 shortbow of Subterfuge {freeze, rElec Str+5} (You took it off a minotaur in a labyrinth)
 23217 | Lab      | Identified the Collected Works on Fiery Aid
 23221 | Lab      | Got a pair of crude boots
 23222 | Lab      | Identified the cursed +0 pair of boots "Tipsixto" {rPois rF+ rN+ Str+5} (You found it in a labyrinth)
 23417 | D:13     | Reached skill level 15 in Fighting
 23444 | D:13     | Found a gate to the Vaults.
 23616 | D:13     | You fall through a shaft for 2 floors!
 23616 | D:15     | Entered Level 15 of the Dungeon
 24107 | D:15     | Found an iron altar of Okawaru.
 24500 | D:15     | Found a staircase to the Depths.
 24801 | D:15     | Reached skill level 15 in Shields
 25471 | D:13     | Noticed Dirian's ghost (journeyman MiFi)
 25490 | D:13     | Reached XP level 17. HP: 126/146 MP: 22/22
 25508 | D:13     | Killed Dirian's ghost
 26071 | D:10     | Bought a dazzling battleaxe for 287 gold pieces
 26072 | D:10     | Identified the +1 battleaxe of the Revolution {holy, *Contam rC+ rN+ Str+3} (You bought it in a shop on level 10 of the Dungeon)
 26122 | Orc:1    | Entered Level 1 of the Orcish Mines
 26407 | Orc:1    | Noticed Snorg
 26417 | Orc:1    | Noticed Snorg
 26417 | Orc:1    | Snorg changed into Snorg the lindwurm
 26420 | Orc:1    | Killed Snorg the lindwurm
 26620 | Orc:2    | Entered Level 2 of the Orcish Mines
 27324 | Orc:2    | Found Hisetargh's Armour Shoppe.
 27324 | Orc:2    | Found Jobrilakh's Food Shoppe.
 27325 | Orc:2    | Found Joebai's Weapon Emporium.
 27325 | Orc:2    | Found Qaopos's Book Shoppe.
 27504 | Orc:2    | Found a staircase to the Elven Halls.
 27910 | D:7      | Bought a manual of Fighting for 1545 gold pieces
 28079 | Swamp:1  | Entered Level 1 of the Swamp
 29146 | Swamp:2  | Found a bloodstained altar of Trog.
 30057 | Spider:1 | Entered Level 1 of the Spider Nest
 30490 | Spider:1 | Reached XP level 18. HP: 163/163 MP: 23/23
 31898 | Orc:2    | Bought a +0 leather armour for 26 gold pieces
 31898 | Orc:2    | Bought a +1 troll leather armour for 286 gold pieces
 32783 | Spider:3 | Noticed Arachne
 33013 | Spider:2 | Noticed Arachne
 33013 | Spider:2 | Arachne changed into Arachne the stone giant
 33020 | Spider:2 | Killed Arachne the stone giant
 33367 | Spider:3 | Reached skill level 15 in Polearms
 33547 | Spider:3 | Noticed Nikola
 33556 | Spider:3 | Killed Nikola
 33999 | Spider:3 | Noticed Aizul
 34006 | Spider:3 | Killed Aizul
 34112 | Spider:4 | Entered Level 4 of the Spider Nest
 34885 | Spider:4 | Noticed Asterion
 34898 | Spider:4 | Killed Asterion
 34902 | Spider:4 | Reached XP level 19. HP: 130/171 MP: 0/24
 35380 | Spider:4 | Got a gossamer rune of Zot
 35856 | Swamp:3  | Noticed Mara
 35863 | Swamp:3  | Killed Mara
 36594 | Swamp:4  | Entered Level 4 of the Swamp
 37344 | Swamp:4  | Reached XP level 20. HP: 178/178 MP: 25/25
 37365 | Swamp:4  | Got a decaying rune of Zot
 37923 | Lair:1   | Learned a level 3 spell: Regeneration
 37926 | Lair:1   | Learned a level 2 spell: Song of Slaying
 37933 | Lair:1   | Learned a level 6 spell: Deflect Missiles
 38126 | Depths:1 | Entered Level 1 of the Depths
 38985 | D:15     | Reached skill level 10 in Invocations
 38985 | D:15     | Reached XP level 21. HP: 185/185 MP: 28/28
 38998 | D:15     | Reached skill level 10 in Evocations
 39946 | Depths:1 | Found Dagausef's Magic Scroll Emporium.
 39951 | Depths:1 | Found a one-way gate to the infinite horrors of the Abyss.
 40275 | Depths:1 | Found a gateway to Hell.
 40450 | Depths:1 | Reached skill level 1 in Necromancy
 40534 | Depths:1 | Reached skill level 2 in Spellcasting
 40538 | Depths:1 | Identified Xyikkuf's Incunabulum of Lucky Enchantment
 40541 | Depths:1 | Got a slimy chain mail
 40542 | Depths:1 | Identified the +1 chain mail "Hiotaem" {*Corrode rF+++ Int+6} (You found it on level 1 of the Depths)
 41030 | Depths:2 | Reached skill level 3 in Spellcasting
 41131 | Depths:2 | Reached XP level 22. HP: 156/192 MP: 31/31
 41248 | Depths:2 | Reached skill level 4 in Spellcasting
 41321 | Depths:2 | Reached skill level 5 in Spellcasting
 41374 | Depths:2 | Reached skill level 6 in Spellcasting
 41598 | Depths:2 | Reached skill level 7 in Spellcasting
 41829 | Depths:2 | Reached skill level 8 in Spellcasting
 42054 | Depths:2 | Found a one-way gate leading to the halls of Pandemonium.
 42059 | Depths:2 | Identified the Incunabulum of the Rocks
 42087 | Depths:2 | Reached skill level 9 in Spellcasting
 42149 | Depths:2 | Identified the Guide on Shifting Earth
 42158 | Depths:2 | Learned a level 6 spell: Statue Form
 42251 | Depths:2 | Gained mutation: You are weak. (Str -2) [a neqoxec]
 42255 | Depths:2 | Reached skill level 1 in Earth Magic
 42256 | Depths:2 | Lost mutation: You are weak. (Str -2) [potion of mutation]
 42256 | Depths:2 | Gained mutation: You are frail. (-10% HP) [potion of mutation]
 42256 | Depths:2 | Gained mutation: You have sharp fingernails. [potion of mutation]
 42257 | Depths:2 | Lost mutation: You are frail. (-10% HP) [potion of mutation]
 42257 | Depths:2 | Lost mutation: You have sharp fingernails. [potion of mutation]
 42257 | Depths:2 | Gained mutation: Your muscles are strong. (Str +2) [potion of mutation]
 42257 | Depths:2 | Gained mutation: Your mind is acute. (Int +2) [potion of mutation]
 42275 | Depths:2 | Reached skill level 1 in Transmutations
 42919 | Depths:3 | Reached skill level 5 in Earth Magic
 43110 | Depths:3 | Reached skill level 5 in Transmutations
 43430 | Depths:3 | Reached XP level 23. HP: 194/199 MP: 36/36
 43442 | Depths:3 | Reached skill level 10 in Spellcasting
 44605 | Depths:4 | Noticed a juggernaut
 44611 | Depths:4 | Killed a juggernaut
 44661 | Depths:4 | Got a transparent arbalest
 44662 | Depths:4 | Identified the +8 arbalest of Focus {elec, +Blink +Fly rF- Str+7} (You found it on level 4 of the Depths)
 44734 | Depths:4 | Found Myiran's Armour Shop.
 44865 | Depths:4 | Found Hautod's Jewellery Emporium.
 44867 | Depths:4 | Found Idyad's Gadget Boutique.
 44868 | Depths:4 | Found Uwaxeci's Jewellery Emporium.
 44873 | Depths:4 | Bought the macabre finger necklace {rN+} for 760 gold pieces
 44873 | Depths:4 | Found the macabre finger necklace {rN+}
 44888 | Depths:4 | Bought a wand of polymorph (6) for 152 gold pieces
 45065 | Depths:5 | Entered Level 5 of the Depths
 45093 | Depths:5 | Reached skill level 10 in Earth Magic
 45122 | Depths:5 | Found a gateway to a ziggurat.
 45200 | Depths:5 | Reached skill level 11 in Spellcasting
 45257 | Depths:5 | Noticed a caustic shrike
 45257 | Depths:5 | Noticed a caustic shrike
 45265 | Depths:5 | Killed a caustic shrike
 45267 | Depths:5 | Killed a caustic shrike
 45267 | Depths:5 | Reached skill level 10 in Transmutations
 45268 | Depths:5 | Noticed a caustic shrike
 45269 | Depths:5 | Noticed a caustic shrike
 45269 | Depths:5 | Noticed a caustic shrike
 45273 | Depths:5 | Killed a caustic shrike
 45280 | Depths:5 | Killed a caustic shrike
 45281 | Depths:5 | Killed a caustic shrike
 45281 | Depths:5 | Reached XP level 24. HP: 206/206 MP: 38/38
 45343 | Depths:5 | Learned a level 5 spell: Borgnjor's Vile Clutch
 46090 | Depths:5 | Found a gate to the Realm of Zot.
 46219 | Depths:5 | Found the ring of Robustness {AC+8}
 46481 | Depths:5 | Learned a level 6 spell: Shadow Creatures
 46732 | Depths:1 | Noticed the Enchantress
 46739 | Depths:1 | Killed the Enchantress
 46750 | Depths:1 | Reached skill level 1 in Long Blades
 46775 | Depths:1 | Got faerie dragon scales
 46786 | Depths:1 | Identified the +4 faerie dragon scales {rCorr Stlth+} (You took it off the Enchantress on level 1 of the Depths)
 46797 | Depths:1 | Got a shimmering shortbow
 46798 | Depths:1 | Identified the +9 shortbow of Accord {flame, rF+ Int+5} (You took it off a spriggan defender on level 1 of the Depths)
 46935 | Vaults:1 | Entered Level 1 of the Vaults
 47040 | Vaults:1 | Reached skill level 5 in Long Blades
 47364 | Vaults:1 | Found a portal to a secret trove of treasure.
 48303 | Vaults:1 | Reached XP level 25. HP: 203/213 MP: 38/38
 48433 | Vaults:2 | Reached skill level 10 in Long Blades
 48933 | Vaults:2 | Found Jakh's Magic Scroll Emporium.
 49706 | Vaults:3 | Found a staircase to the Crypt.
 50150 | Vaults:3 | Reached skill level 10 in Dodging
 50279 | Vaults:3 | Reached XP level 26. HP: 220/220 MP: 35/38
 52214 | Vaults:4 | Got a crystal trident
 52215 | Vaults:4 | Identified the cursed +3 trident "Kuokkyt" {speed, rF+ rC+ Str+5 Int+2} (You found it on level 4 of the Vaults)
 52253 | Vaults:5 | Entered Level 5 of the Vaults
 52735 | Vaults:5 | Reached skill level 15 in Dodging
 52944 | Vaults:4 | Reached XP level 27. HP: 227/227 MP: 32/38
 53328 | Vaults:5 | Noticed Frederick
 53338 | Vaults:5 | Killed Frederick
 53550 | Vaults:5 | Found Itwuthis's Gadget Shoppe.
 53639 | Vaults:5 | Got a silver rune of Zot
 53680 | Vaults:5 | Noticed an ancient lich
 53686 | Vaults:5 | Killed an ancient lich
 53727 | Vaults:5 | Found Zidweuc's Distillery.
 53740 | Vaults:5 | Found Izee's Gadget Shoppe.
 53744 | Vaults:5 | Found Pecworeh's General Store.
 53765 | Vaults:5 | Bought a potion of agility for 48 gold pieces
 53765 | Vaults:5 | Bought a potion of heal wounds for 60 gold pieces
 53765 | Vaults:5 | Bought 2 potions of flight for 72 gold pieces
 54159 | Vaults:5 | Got a transparent scale mail
 54160 | Vaults:5 | Identified the cursed +1 scale mail of Absence {Str+3} (You found it on level 5 of the Vaults)
 54378 | Vaults:5 | Got a shimmering dagger
 54379 | Vaults:5 | Identified the +1 dagger "Faguwole" {pierce, Stlth+} (You found it on level 5 of the Vaults)
 54669 | Vaults:5 | Identified Sif Muna's Handbook of Congealing Boosts
 55201 | Elf:1    | Entered Level 1 of the Elven Halls
 55782 | Elf:1    | Found a radiant altar of Vehumet.
 56199 | Elf:2    | Got a jewelled scale mail
 56200 | Elf:2    | Identified the +10 scale mail of Classification {rC+} (You found it on level 2 of the Elven Halls)
 56370 | Elf:2    | Reached skill level 5 in Necromancy
 56464 | Elf:2    | Found a runed gate.
 56464 | Elf:2    | Found a runed gate.
 56464 | Elf:2    | Found a runed gate.
 56874 | Elf:2    | Reached skill level 12 in Spellcasting
 57068 | Elf:3    | Entered Level 3 of the Elven Halls
 57274 | Elf:3    | Noticed Louise
 57291 | Elf:3    | Killed Louise
 57319 | Elf:3    | Got a wavering steel ring
 57422 | Elf:3    | Identified the ring of Aziytofo {rElec MP+9} (You found it on level 3 of the Elven Halls)
 57636 | Elf:3    | Got a steaming arbalest
 57637 | Elf:3    | Identified the +6 arbalest of Quantum Leap {velocity, Stlth+} (You found it on level 3 of the Elven Halls)
 57783 | Elf:3    | Found Hein's Magic Scroll Boutique.
 57790 | Elf:3    | Bought a scroll of immolation for 52 gold pieces
 57790 | Elf:3    | Bought a scroll of immolation for 52 gold pieces
 57790 | Elf:3    | Bought a scroll of immolation for 52 gold pieces
 57790 | Elf:3    | Bought a scroll of immolation for 52 gold pieces
 57919 | Elf:3    | Identified the Catalogue of the Warrior-Mage
 57950 | Elf:3    | Got a pair of spiked gloves
 57951 | Elf:3    | Identified the +1 pair of gloves of Calculation {rN+ Int+4} (You found it on level 3 of the Elven Halls)
 57967 | Elf:3    | Got a smoking quarterstaff
 57968 | Elf:3    | Identified the +6 quarterstaff of Lith {crush, MP+9} (You found it on level 3 of the Elven Halls)
 58254 | Orc:2    | Bought a Necronomicon for 1324 gold pieces
 58264 | Orc:2    | Learned a level 8 spell: Necromutation
 58273 | Orc:2    | Learned a level 8 spell: Death's Door
 58284 | Orc:2    | Learned a level 8 spell: Borgnjor's Revivification
 58512 | Vaults:1 | You paid a toll of a Necronomicon to enter a treasure trove
 58513 | Trove    | Entered a treasure trove
 58597 | Trove    | Got an ichor-stained crystal plate armour
 58608 | Trove    | Identified the +13 crystal plate armour of Midsummer {MP-9 Int+2 Stlth+} (You found it in a treasure trove)
 58651 | Trove    | Got a crude ring mail
 58662 | Trove    | Identified the cursed +0 ring mail of Ycauffeo {rC++} (You found it in a treasure trove)
 58684 | Trove    | Got a transparent chain mail
 58695 | Trove    | Identified the +7 chain mail of Peclik {*Slow +Blink Dex+4 SInv} (You found it in a treasure trove)
 59036 | Slime:1  | Entered Level 1 of the Pits of Slime
 59186 | Slime:1  | Reached skill level 15 in Long Blades
 59469 | Slime:3  | Gained mutation: Your body sometimes deteriorates upon taking damage. [a shining eye]
 59492 | Slime:3  | Gained mutation: You occasionally shout uncontrollably at your foes. [a shining eye]
 59659 | Slime:5  | Entered Level 5 of the Pits of Slime
 60269 | Slime:5  | Gained mutation: You are frail. (-10% HP) [a shining eye]
 60394 | Slime:5  | Noticed the Royal Jelly
 60501 | Slime:5  | Killed the Royal Jelly
 60672 | Slime:5  | Got a slimy rune of Zot
 60676 | Slime:5  | Got a transparent hand axe
 60677 | Slime:5  | Identified the +6 hand axe of the Swamp {venom, MR+ Dex+3} (You found it on level 5 of the Pits of Slime)
 60686 | Slime:5  | Got a silken robe
 60696 | Slime:5  | Got a flickering steel ring
 60757 | Slime:5  | Identified the Guide on Unstable Malediction
 60765 | Slime:5  | Identified the ring of Aguew {Fire MP+9} (You found it on level 5 of the Pits of Slime)
 60766 | Slime:5  | Identified the +1 robe of Lies {rCorr} (You found it on level 5 of the Pits of Slime)
 60817 | Slime:5  | Got a pitted ivory ring
 60818 | Slime:5  | Identified the ring "Jehotz" {rPois EV+2 Str-4 Stlth+} (You found it on level 5 of the Pits of Slime)
 61148 | Lair:1   | Lost mutation: You are frail. (-10% HP) [potion of mutation]
 61148 | Lair:1   | Lost mutation: Your muscles are strong. (Str +2) [potion of mutation]
 61148 | Lair:1   | Lost mutation: You occasionally shout uncontrollably at your foes. [potion of mutation]
 61148 | Lair:1   | Lost mutation: Your body sometimes deteriorates upon taking damage. [potion of mutation]
 61148 | Lair:1   | Gained mutation: You have an increased reservoir of magic. (+10% MP) [potion of mutation]
 61148 | Lair:1   | Gained mutation: You expend magic power (3 MP) to strengthen your wands. [potion of mutation]
 61148 | Lair:1   | Gained mutation: Your body sometimes deteriorates upon taking damage. [potion of mutation]
 61148 | Lair:1   | Gained mutation: You evolve. [potion of mutation]
 61255 | D:12     | Gained mutation: You are surrounded by a mild repulsion field. (EV +2) [evolution]
 61470 | Zot:1    | Entered Level 1 of the Realm of Zot
 61547 | Zot:1    | Reached skill level 1 in Charms
 61598 | Zot:1    | Reached skill level 13 in Spellcasting
 61753 | Zot:1    | Reached skill level 10 in Necromancy
 62520 | Zot:2    | Reached skill level 14 in Spellcasting
 62825 | Zot:2    | Reached skill level 5 in Charms
 63600 | Zot:3    | Reached skill level 15 in Spellcasting
 63628 | Zot:3    | Noticed an orb of fire
 63638 | Zot:3    | Gained mutation: You do not regenerate when monsters are visible. [an orb of fire]
 63641 | Zot:3    | Killed an orb of fire
 64907 | Zot:4    | Reached skill level 16 in Spellcasting
 65340 | Zot:4    | Gained mutation: You are robust. (+10% HP) [evolution]
 65648 | Hell     | Entered the Vestibule of Hell
 65648 | Hell     | Noticed Geryon
 66069 | Hell     | Killed Geryon
 66069 | Hell     | Reached skill level 15 in Transmutations
 66087 | Hell     | Noticed Murray
 66090 | Hell     | Killed Murray
 66530 | Hell     | Found a gateway to the Iron City of Dis.
 66755 | Hell     | Learned a level 9 spell: Tornado
 66783 | Hell     | Found a gateway to the ashen valley of Gehenna.
 66815 | Hell     | Found a gateway to the decaying netherworld of Tartarus.
 66901 | Hell     | Found a gateway to the freezing wastes of Cocytus.
 66980 | Dis:1    | Entered Level 1 of the Iron City of Dis
 67043 | Dis:1    | Reached skill level 17 in Spellcasting
 68120 | Dis:5    | Reached skill level 10 in Charms
 68406 | Dis:5    | Reached skill level 18 in Spellcasting
 68554 | Dis:5    | You fall through a shaft!
 68561 | Dis:6    | You fall through a shaft!
 68561 | Dis:7    | Entered Level 7 of the Iron City of Dis
 69256 | Dis:7    | Reached skill level 19 in Spellcasting
 69755 | Dis:7    | Noticed Dispater
 69774 | Dis:7    | Killed Dispater
 69793 | Dis:7    | Got an iron rune of Zot
 69801 | Dis:7    | Identified Sif Muna's Grimoire of Vitriolic Lightness
 69857 | Dis:7    | Got a faintly glowing dire flail
 69858 | Dis:7    | Identified the +0 dire flail of Ceixus {holy, rF+ rC++ rN+ Stlth+} (You found it on level 7 of the Iron City of Dis)
 70018 | Dis:7    | Got a pitted sapphire amulet
 70019 | Dis:7    | Identified the amulet "Fum Udgh" {+Rage rPois Int+4 Dex+3 Slay-4} (You found it on level 7 of the Iron City of Dis)
 70021 | Dis:7    | Identified Duler's Collected Works on Shifting Black Secrets
 70025 | Dis:7    | Got a steaming spear
 70026 | Dis:7    | Identified the +3 spear "Jaextudgh" {venom, Int+2 Dex+2} (You found it on level 7 of the Iron City of Dis)
 71071 | Coc:1    | Entered Level 1 of Cocytus
 71089 | Coc:1    | Reached skill level 15 in Necromancy
 71167 | Coc:1    | Noticed a shard shrike
 71171 | Coc:1    | Killed a shard shrike
 71171 | Coc:1    | Reached skill level 20 in Spellcasting
 71232 | Coc:1    | Noticed a shard shrike
 71233 | Coc:1    | Killed a shard shrike
 71631 | Coc:2    | You are sucked into a shaft for 2 floors!
 71631 | Coc:4    | Noticed a shard shrike
 71634 | Coc:4    | Noticed a shard shrike
 71634 | Coc:4    | You are sucked into a shaft!
 71637 | Coc:5    | You are sucked into a shaft!
 71640 | Coc:6    | You are sucked into a shaft!
 71640 | Coc:7    | Entered Level 7 of Cocytus
 71729 | Coc:7    | Found the +6 Majin-Bo {vamp, Archmagi MP+6 Int+6}
 71730 | Coc:7    | Found the +9 staff of Olgreb {rPois}
 71841 | Coc:7    | Noticed a shard shrike
 71845 | Coc:7    | Killed a shard shrike
 71944 | Coc:7    | Noticed a shard shrike
 71950 | Coc:7    | Killed a shard shrike
 72141 | Coc:7    | Reached skill level 1 in Air Magic
 72155 | Coc:7    | Noticed a shard shrike
 72156 | Coc:7    | Noticed a shard shrike
 72167 | Coc:7    | Killed a shard shrike
 72173 | Coc:7    | Killed a shard shrike
 72320 | Coc:7    | Noticed a shard shrike
 72324 | Coc:7    | Killed a shard shrike
 72346 | Coc:7    | Noticed a shard shrike
 72353 | Coc:7    | Killed a shard shrike
 72493 | Coc:7    | Reached skill level 5 in Air Magic
 72538 | Coc:7    | Reached skill level 21 in Spellcasting
 72669 | Coc:7    | Noticed Antaeus
 72686 | Coc:7    | Killed Antaeus
 72688 | Coc:7    | Got a sparkling lead amulet
 72722 | Coc:7    | Got an icy rune of Zot
 72726 | Coc:7    | Got a smoking flail
 72734 | Coc:7    | Identified the cursed +0 flail of the Modern Orbs {antimagic, Int+2} (You found it on level 7 of Cocytus)
 72739 | Coc:7    | Got a steaming amber ring
 72741 | Coc:7    | Identified the ring of the Lost Orbs {rC+++ rN+} (You found it on level 7 of Cocytus)
 73048 | Hell     | Upgraded the game from 0.21.0 to 0.21.0-3-g78d12a8
 73091 | Pan      | Entered Pandemonium
 73312 | Pan      | Noticed Cetsooc the pandemonium lord
 73321 | Pan      | Killed Cetsooc the pandemonium lord
 73799 | Pan      | Found an exit through the horrors of the Abyss.
 73924 | Pan      | Noticed Hiorre the pandemonium lord
 73929 | Pan      | Killed Hiorre the pandemonium lord
 73929 | Pan      | Reached skill level 10 in Air Magic
 73942 | Pan      | Gained mutation: You are weak. (Str -2) [a neqoxec]
 74421 | Pan      | Found a runed door.
 74668 | Pan      | Reached skill level 22 in Spellcasting
 75246 | Pan      | Noticed Izxiclaw the pandemonium lord
 75254 | Pan      | Killed Izxiclaw the pandemonium lord
 75268 | Pan      | Killed from afar by a Tzitzimitl

Skill      XL: |  1  2  3  4  5  6  7  8  9 10 11 12 13 14 15 16 17 18 19 20 21 22 23 24 25 26 27 |
---------------+----------------------------------------------------------------------------------+-----
Armour         | 1 2 3 4 5 6 7 8 |  8.8
Fighting       | 1 2 3 4 5 6 7 8 13 16 20 | 20.8
Dodging        | 1 2 3 4 5 6 7 9 10 15 18 | 18.3
Staves         | 3 4 5 |  5.4
Axes           | 1 8 9 10 | 10.8
Shields        | 3 5 6 7 13 17 | 17.3
Invocations    | 3 5 6 7 10 12 | 12.0
Evocations     | 3 5 6 9 11 | 11.2
Polearms       | 9 10 12 13 16 19 | 19.4
Necromancy     | 2 4 16 | 16.1
Spellcasting   | 3 9 11 22 | 22.1
Earth Magic    | 6 11 12 | 12.0
Transmutations | 5 10 11 17 | 17.4
Long Blades    | 8 14 19 | 19.5
Charms         | 13 | 13.0
Air Magic      | 11 | 11.8
Stealth        | |  2.4
Ice Magic      | |  4.0

Action                   |  1- 3 |  4- 6 |  7- 9 | 10-12 | 13-15 | 16-18 | 19-21 | 22-24 | 25-27 || total
-------------------------+-------+-------+-------+-------+-------+-------+-------+-------+-------++-------
Melee: Quarterstaff      |    90 |   157 |   179 |       |       |       |       |       |       ||   426
       War axe           |       |       |   233 |   526 |   111 |    36 |   140 |       |   537 ||  1583
       Glaive            |       |       |       |       |   486 |  1279 |   581 |  1138 |  1363 ||  4847
       Eudemon blade     |       |       |       |       |       |       |       |       |  3231 ||  3231
 Cast: Song of Slaying   |       |       |       |       |       |       |     9 |       |       ||     9
       Statue Form       |       |       |       |       |       |       |       |    28 |   166 ||   194
       Necromutation     |       |       |       |       |       |       |       |       |    65 ||    65
       Regeneration      |       |       |       |       |       |       |       |       |    44 ||    44
       Deflect Missiles  |       |       |       |       |       |       |       |       |     3 ||     3
       Tornado           |       |       |       |       |       |       |       |       |     1 ||     1
       Borgnjor's Vile C |       |       |       |       |       |       |       |       |     1 ||     1
Invok: Slouch            |       |       |       |     1 |     1 |     7 |     7 |     7 |    17 ||    40
       Bend Time         |       |       |       |       |     6 |     2 |       |     1 |       ||     9
       Temporal Distorti |       |       |       |       |       |     2 |     3 |     1 |    41 ||    47
       Step From Time    |       |       |       |       |       |       |     1 |     3 |     1 ||     5
 Abil: End Transformatio |       |       |       |       |       |       |       |       |    58 ||    58
       Dig               |       |       |       |       |       |       |       |       |     3 ||     3
       Shaft Self        |       |       |       |       |       |       |       |       |     6 ||     6
Evoke: Wand              |       |     4 |    10 |     8 |    18 |    39 |     8 |     9 |    12 ||   108
  Use: Scroll            |     1 |    10 |     1 |     8 |    14 |    10 |     6 |    10 |    43 ||   103
       Potion            |       |     4 |    10 |     2 |     3 |     6 |     5 |    10 |     8 ||    48
 Stab: Sleeping          |     5 |       |       |       |       |     8 |     4 |     8 |    13 ||    38
       Paralysed         |       |     9 |    21 |     1 |     3 |       |       |       |       ||    34
       Distracted        |       |       |       |       |     1 |     1 |     2 |     7 |    14 ||    25
       Invisible         |       |       |       |       |       |     3 |    11 |     9 |       ||    23
  Eat: Chunk             |     3 |     7 |     6 |    12 |    11 |    12 |     6 |     9 |    17 ||    83
       Ration            |       |       |     2 |     1 |     1 |     4 |     3 |     3 |    18 ||    32
Armor: Robe              |    17 |       |       |       |       |       |       |       |       ||    17
       Chain mail        |    27 |    61 |       |       |       |       |       |       |       ||    88
       Plate armour      |       |     3 |   188 |   254 |   210 |   287 |       |       |       ||   942
       Skin              |       |       |    48 |       |       |       |       |   155 |   857 ||  1060
       Troll leather arm |       |       |       |       |       |    67 |   133 |    61 |   322 ||   583
Dodge: Dodged            |    41 |    54 |   103 |   266 |   261 |   633 |   383 |   439 |  4554 ||  6734
       Deflected         |       |       |       |     4 |     2 |       |       |       |    39 ||    45
Block: Buckler           |       |       |       |   152 |    71 |       |       |       |       ||   223
       Shield            |       |       |       |       |   261 |  1276 |   677 |   858 |  5541 ||  8613
       Rpst.: Eudemon blade |       |       |       |       |       |       |       |       |   581 ||   581
